 Dungeon Crawl Stone Soup version 0.20-a0-19-gd4fea00 (webtiles) character file.

170 Guts the Slasher (level 5, -1/36 HPs)
             Began as a Human Fighter on Nov 6, 2016.
             Was an Initiate of Okawaru.
             Succumbed to an orc's poison
             ... on level 3 of the Dungeon.
             The game lasted 00:06:19 (2787 turns).

Guts the Slasher (Human Fighter)                    Turns: 2787, Time: 00:06:20

Health: -1/36      AC:  6    Str: 22    XL:     5   Next: 80%
Magic:  5/5        EV:  9    Int:  7    God:    Okawaru [......]
Gold:   83         SH:  0    Dex: 12    Spells: 0 memorised, 4 levels left

rFire  . . .     SeeInvis .     a - +1 long sword
rCold  . . .     Gourm    .     b - +0 scale mail
rNeg   . . .     Faith    .     (no shield)
rPois  .         Spirit   .     (helmet restricted)
rElec  .         Reflect  .     (no cloak)
rCorr  .         Harm     .     (no gloves)
MR     .....                    (no boots)
Stlth  ..........               e - amulet of inaccuracy (curse)
                                (no ring)
                                (no ring)

@: mighty, lethally poisoned (-1 -> -39)
A: antennae 1, dopey 1, frail 1
a: Renounce Religion


You were on level 3 of the Dungeon.
You worshipped Okawaru.
Okawaru was noncommittal.
You were hungry.

You visited 1 branch of the dungeon, and saw 3 of its levels.

You collected 83 gold pieces.

Inventory:

Hand Weapons
 a - a +1 long sword (weapon)
Missiles
 g - 25 poisoned needles
Armour
 b - a +0 scale mail (worn)
 c - a +0 shield
Jewellery
 e - a cursed amulet of inaccuracy (around neck)
Scrolls
 h - a scroll of magic mapping
 i - a scroll of identify
Potions
 q - a potion of haste
Comestibles
 f - a bread ration
 k - a slice of pizza
 l - 2 meat rations
 p - a beef jerky


   Skills:
 - Level 3.0 Fighting
 * Level 5.5 Long Blades
 - Level 3.0 Armour
 - Level 3.0 Shields


You had 4 spell levels left.
You didn't know any spells.

Dungeon Overview and Level Annotations

Branches:
Dungeon (3/15)

Altars:
Hepliaklqana
Okawaru
Vehumet


Innate Abilities, Weirdness & Mutations

You have a pair of small antennae on your head.
You are dopey. (Int -2)
You are frail. (-10% HP)


Message History

You feel sick. The orc closely misses you. The orc barely misses you.
You feel very mighty all of a sudden.
You feel sick. The orc completely misses you.
The orc priest miscasts a cantrip.
The orc hits you with a whip of venom.
You are more poisoned.
You feel sick. The orc barely misses you.
You riposte.
You barely miss the orc.
The orc priest looks braver for a moment.
The orc completely misses you.
* * * LOW HITPOINT WARNING * * *
You feel very sick. The orc hits you but does no damage.
The orc hits you with a whip of venom.
* * * LOW HITPOINT WARNING * * *
You are more poisoned.
* * * LOW HITPOINT WARNING * * *
You feel sick. The orc completely misses you.
The orc hits you with a whip of venom.
* * * LOW HITPOINT WARNING * * *
You are more poisoned.
You die...

*,,,,,,,,,,,,,,,,,*,*,,,,,,,,
*******,**********....#,*,*******
,,,* *,* *,,,,..<....#,#,#######
,,,* *,* *,*,,,......#.#,#......
,,,* *,***,*,,,o.....#.#.#.#####
,,,****+*,,,,,,,,.......#.#.#
,,,,,,,,,,,,,,,,,.o.....#.#.#
,,,,,,,,,..#######.....>#.#.#####
**,,,,,,,.....oo@o......#.#.#....
*,,,,,,,..#######.#.##.#.#.#.###
*,,,,,,,,,+,,* #......#.#.#.#
*,,,,,,,,,*#.* ###.####.....###
*,,,,,,,,,*#.# #............#
*,,,,,,,,,*#.# #............#
*,,,,,,,,,*#.# #.....§§.....#
*,,,,,,,,,*#.# #....§.......#
*,,,,,,,,,*#.# #....._...)..#


You could see an orc priest and 2 orcs.

Vanquished Creatures
  An orc priest (D:3)
  5 adders
  2 worms (D:2)
  3 dart slugs
  2 leopard geckos
  3 orcs
  A giant cockroach (D:1)
  12 goblins
  12 hobgoblins
  10 jackals
  7 kobolds
  2 ball pythons (D:2)
  4 bats
  3 frilled lizards (D:2)
  8 rats
75 creatures vanquished.

Vanquished Creatures (others)
  An orc priest (D:3)
  An orc (D:3)
  A hobgoblin (D:3)
3 creatures vanquished.

Grand Total: 78 creatures vanquished

Notes
Turn   | Place    | Note
-------+----------+-------------------------------------------
     0 | D:1      | Guts the Human Fighter began the quest for the Orb.
     0 | D:1      | Reached XP level 1. HP: 18/18 MP: 1/1
    49 | D:1      | Reached XP level 2. HP: 24/24 MP: 2/2
   290 | D:1      | Reached skill level 3 in Long Blades
   390 | D:1      | Reached XP level 3. HP: 26/29 MP: 3/3
  1115 | D:2      | Found a hazy altar of Hepliaklqana.
  1177 | D:2      | Reached skill level 4 in Long Blades
  1177 | D:2      | Reached XP level 4. HP: 24/35 MP: 4/4
  1892 | D:2      | Reached XP level 5. HP: 35/41 MP: 5/5
  2021 | D:2      | Reached skill level 5 in Long Blades
  2030 | D:2      | Found an iron altar of Okawaru.
  2038 | D:2      | Became a worshipper of Warmaster Okawaru
  2394 | D:3      | HP: 1/41 [orc/trident (4)]
  2702 | D:3      | Found a radiant altar of Vehumet.
  2782 | D:3      | Gained mutation: You are frail. (-10% HP) [potion of mutation]
  2782 | D:3      | Gained mutation: You are dopey. (Int -2) [potion of mutation]
  2782 | D:3      | Gained mutation: You have a pair of small antennae on your head. [potion of mutation]
  2787 | D:3      | Succumbed to an orc's poison

Vault maps used:
D:1:      dpeg_arrival_simpleton_c
D:2:      nicolae_overflow_hidden_temple, okawaru_altar_gauntlet_db,
          st_stairs_1, minmay_goblin_outpost
D:3:      fiery_altar_vehumet, minmay_quantized

Skill      XL: |  1  2  3  4  5 |
---------------+----------------+-----
Long Blades    | 3 4 5 |  5.5
Fighting       | |  3.0
Armour         | |  3.0
Shields        | |  3.0

Action                   |  1- 3 |  4- 6 || total
-------------------------+-------+-------++-------
Melee: Long sword        |   115 |   166 ||   281
  Use: Scroll            |       |     5 ||     5
       Potion            |       |     2 ||     2
  Eat: Chunk             |       |     6 ||     6
Armor: Scale mail        |    60 |    66 ||   126
Dodge: Dodged            |    56 |    95 ||   151
       Rpst.: Long sword |    19 |    20 ||    39
